Construct Section Command Post
Selects Canadian Shock Battlegroup
Construct Field Infirmary
Selects Canadian Shock Section
Selects Incendiary Munitions
Construct Platoon Command Post
6-pounder Anti-tank Gun Team
Unlock Bishop Self-propelled Artillery
Bishop Self-propelled Artillery
Selects Churchill Crocodile Heavy Tank
Churchill Crocodile Heavy Tank
Churchill Crocodile Heavy Tank
6-pounder Anti-tank Gun Team